 Dungeon Sprint DCSS version 0.19.1 (webtiles) character file.

204 equalderp2856 the Gouger (level 5, -8/26 HPs)
             Began as a Felid Fighter on Nov 27, 2016.
             Was an Initiate of Ru.
             Mangled by a chaos spawn (17 damage)
             ... summoned by a deep elf mage
             ... in the Dungeon (Sprint IX: "|||||||||||||||||||||||||||||").
             The game lasted 00:01:17 (427 turns).

equalderp2856 the Gouger (Felid Fighter)             Turns: 427, Time: 00:01:18

Health: -8/26      AC:  1    Str: 13    XL:     5   Next: 52%
Magic:  6/6        EV: 23    Int: 16    God:    Ru [......]
Gold:   0          SH:  0    Dex: 15    Spells: 0 memorised, 4 levels left
                                        Lives:  0   Deaths: 1

rFire  . . .     SeeInvis +       - Unarmed
rCold  . . .     Gourm    .     (armour unavailable)
rNeg   . . .     Faith    .     (shield unavailable)
rPois  .         Spirit   .     (helmet unavailable)
rElec  .         Reflect  .     (cloak unavailable)
rCorr  .         Harm     .     (gloves unavailable)
MR     .....     NoTele   +     (boots unavailable)
Stlth  +++.......               (no amulet)
                                n - +3 ring of intelligence
                                m - +3 ring of intelligence

@: quick
A: no armour, no weapons or thrown items, stealth, claws 1, fangs 3, see
invisible, carnivore 3, speed 1, shaggy fur 1, slow metabolism 1, sharp paws
a: Renounce Religion


You were in the Dungeon.
You worshipped Ru.
Ru was noncommittal.
You were not hungry.

You visited 1 branch

Inventory:

Jewellery
 m - a +3 ring of intelligence (left paw)
 n - a +3 ring of intelligence (right paw)
Wands
 l - a wand of lightning (7/15)
Scrolls
 h - 2 scrolls of blinking
 j - 3 scrolls of remove curse
 k - 2 scrolls of amnesia
Potions
 c - 5 potions of curing
 d - 2 potions of heal wounds
 e - a potion of haste
 f - 4 potions of magic
 g - a potion of berserk rage
 i - a potion of invisibility
Comestibles
 b - a meat ration


   Skills:
 + Level 5.5 Fighting
 + Level 8.4 Dodging
 + Level 3.6 Stealth
 + Level 10.1 Unarmed Combat


You had 4 spell levels left.
You didn't know any spells.

Dungeon Overview and Level Annotations

Branches:
Dungeon (1/1)

Altars:
Cheibriados
Dithmenos
Elyvilon
Fedhas
Gozag
Hepliaklqana
Kikubaaqudgha
Makhleb
Nemelex Xobeh
Okawaru
Qazlal
Ru
Sif Muna
Trog
Uskayaw
Vehumet
Xom
Yredelemnul
Zin
The Shining One
Beogh
Jiyva
Lugonu


Innate Abilities, Weirdness & Mutations

You cannot wear armour.
You are incapable of wielding weapons or throwing items.
Your paws allow you to move quietly. (Stealth)
You have sharp claws.
You have razor-sharp teeth.
You have supernaturally acute eyesight. (SInv)
You are carnivorous and can eat meat at any time.
You cover ground quickly.
You are covered in fur. (AC +1)
You have a slow metabolism.
Your sharp claws are effective at attacking unaware monsters.


Message History

The deep elf mage is lightly wounded.
You claw the deep elf mage!
The deep elf mage is moderately wounded.
The deep elf mage hits you with a long sword.
You barely miss the deep elf mage.
You bite the deep elf mage, but do no damage.
The deep elf mage is moderately wounded.
The deep elf mage gestures wildly while chanting.
You claw the deep elf mage!
The deep elf mage is heavily wounded.
The deep elf mage misses you.
You barely miss the deep elf mage. Your bite misses the deep elf mage.
The deep elf mage is heavily wounded.
The chaos spawn misses you.
You claw the deep elf mage!
The deep elf mage is almost dead.
The deep elf mage hits you with a long sword!
The chaos spawn hits you!
Ouch! That really hurt!
You die...

▓.▓+▓
▓.▓.▓
▓.▓.▓
▓.▓.▓
▓.▓.▓
▓.▓.▓
▓.▓e▓
▓.▓e▓
▓.▓@▓
▓..4▓
▓▓▓▓▓


You could see 2 deep elf magi and a chaos spawn.

Vanquished Creatures
  A sky beast (D)
  A scorpion (D)
  A crimson imp (D)
  A jelly (D)
  An iguana (D)
  An adder zombie (D)
  A worm (D)
  A dart slug (D)
  A bat (D)
  A bat skeleton (D)
  A giant cockroach (D)
  A hobgoblin (D)
  A jackal (D)
  A rat (D)
14 creatures vanquished.

Notes
Turn   | Place    | Note
-------+----------+-------------------------------------------
     0 | D        | equalderp2856 the Felid Fighter began the quest for the Orb.
     0 | D        | Reached XP level 1. HP: 10/10 MP: 2/2
    40 | D        | Noticed a crimson imp
    40 | D        | Noticed an iguana
    42 | D        | Reached skill level 5 in Unarmed Combat
    42 | D        | Reached XP level 2. HP: 14/14 MP: 3/3
    53 | D        | Killed a crimson imp
    53 | D        | Reached skill level 5 in Dodging
    53 | D        | Reached skill level 1 in Stealth
    53 | D        | Reached skill level 6 in Unarmed Combat
    53 | D        | Reached XP level 3. HP: 15/18 MP: 4/4
    63 | D        | Reached skill level 7 in Unarmed Combat
    63 | D        | Reached XP level 4. HP: 15/22 MP: 5/5
   162 | D        | Found a roughly hewn altar of Beogh.
   162 | D        | Found a snail-covered altar of Cheibriados.
   162 | D        | Found a shadowy altar of Dithmenos.
   162 | D        | Found a white marble altar of Elyvilon.
   162 | D        | Found a blossoming altar of Fedhas.
   162 | D        | Found an opulent altar of Gozag.
   163 | D        | Found a hazy altar of Hepliaklqana.
   164 | D        | Found a viscous altar of Jiyva.
   165 | D        | Found an ancient bone altar of Kikubaaqudgha.
   166 | D        | Found a corrupted altar of Lugonu.
   167 | D        | Found a burning altar of Makhleb.
   168 | D        | Found a sparkling altar of Nemelex Xobeh.
   169 | D        | Found an iron altar of Okawaru.
   170 | D        | Found a stormy altar of Qazlal.
   171 | D        | Found a sacrificial altar of Ru.
   172 | D        | Found a deep blue altar of Sif Muna.
   173 | D        | Found a bloodstained altar of Trog.
   174 | D        | Found a hide-covered altar of Uskayaw.
   175 | D        | Found a radiant altar of Vehumet.
   176 | D        | Found a shimmering altar of Xom.
   177 | D        | Found a basalt altar of Yredelemnul.
   178 | D        | Found a glowing silver altar of Zin.
   179 | D        | Became a worshipper of Ru the Awakened
   180 | D        | Found a glowing golden altar of the Shining One.
   207 | D        | Noticed a troll
   207 | D        | Noticed a hill giant
   207 | D        | Noticed a centaur
   207 | D        | Noticed a hornet
   223 | D        | Mangled by a troll
   224 | D        | Reached XP level 3. HP: -8/18 MP: 4/4
   254 | D        | Noticed a deep elf mage
   254 | D        | Noticed a deep elf mage
   254 | D        | Noticed a scorpion
   254 | D        | Noticed a sky beast
   260 | D        | Noticed a redback
   261 | D        | Killed a sky beast
   261 | D        | Reached skill level 5 in Fighting
   261 | D        | Reached skill level 9 in Unarmed Combat
   261 | D        | Reached XP level 4. HP: 23/23 MP: 5/5
   263 | D        | Noticed a fire elemental
   263 | D        | Reached XP level 5. HP: 13/26 MP: 6/6
   420 | D        | Reached skill level 10 in Unarmed Combat
   425 | D        | Noticed a chaos spawn
   427 | D        | Mangled by a chaos spawn

Skill      XL: |  1  2  3  4  5 |
---------------+----------------+-----
Unarmed Combat | 5 6 9 10 | 10.1
Fighting       | 4 5 |  5.5
Dodging        | 5 7 8 |  8.4
Stealth        | 1 2 3 |  3.6

Action                   |  1- 3 |  4- 6 || total
-------------------------+-------+-------++-------
Melee: Unarmed           |    40 |    15 ||    55
       Bite              |     5 |     2 ||     7
       Punch             |     1 |     2 ||     3
  Use: Potion            |       |     2 ||     2
 Stab: Sleeping          |     2 |       ||     2
Armor: Skin              |     1 |     1 ||     2
Dodge: Dodged            |    30 |    10 ||    40
